cohdb
Replays
Latest Replays
All Replays
Popular Replays
Top Player Replays
Match Explorer
How It Works
Community
CoH3 Stats
Reddit
Sign in to upload your games and track your stats! →
Sign in with Steam
Match 39129536
Unlisted
Match 39129536
Overview
Messages
Build Orders
End
Kettenkrad Recon Vehicle
Construct Infanterie Kompanie
GrW 34 Mortar Team
MG 42 Machine Gun Team
Grenadier Squad
Selects Breakthrough Battlegroup
Selects Assault Grenadiers
Grenadier Squad
Construct Panzergrenadier Kompanie
Selects 2.5-tonne Cargo Truck
Selects Smoke Bombing Run
Pak 40 Anti-tank Gun Team
[Ace] Mango Rage
Herr Heinler
skyhawkfranky
Cicero_540
STALKER4732
badger2
Belfegor ๏̯͡๏
MY:OATZ
0
0
Comments
sign in to comment!
No comments posted yet!